AA
WICHITA AEROS @ EVANSVILLE TRIPLETS
07/07/1982
 
TOP OF THE 1ST
Wichita Aeros batting - Pitching for Evansville Triplets : RHP Freddy Medina
Pitching: RHP Freddy Medina
Batting: LHB Omar Guerrero 0-0: Called Strike
0-1: Ball
1-1: Swinging Strike
1-2: Ball
2-2: Ball
3-2: Foul Ball, location: 2F
3-2: Foul Ball, location: 2F
3-2: Base on Balls
Batting: RHB Greg Cypret 0-0: Called Strike
0-1: Ball
Wild Pitch!
Omar Guerrero to second
1-1: Ball
2-1: Swinging Strike
2-2: Ground out 1-3 (Groundball, 15S, EV 75.6 MPH)
Batting: LHB Michael Barnes 0-0: Ball
1-0: Ball
2-0: Ball
3-0: Base on Balls
Batting: LHB Glenn Gulliver 0-0: Ball
1-0: Called Strike
1-1: Ball
2-1: Fielders Choice at 2nd, 6-4 (Groundball, 6, EV 101.9 MPH)
Omar Guerrero to third
Batting: SHB Gary Pettis 0-0: Called Strike
0-1: Ball
1-1: Swinging Strike
1-2: Ball
2-2: Strikes out looking
Top of the 1st over - 0 runs, 0 hits, 0 errors, 2 left on base; Wichita 0 - Evansville 0
BOTTOM OF THE 1ST
Evansville Triplets batting - Pitching for Wichita Aeros : RHP Brent Gaff
Pitching: RHP Brent Gaff
Batting: LHB Greg Gross 0-0: Ball
1-0: Swinging Strike
1-1: Ball
2-1: Foul Ball, location: 2F
2-2: Ball
3-2: Foul Ball, location: 2F
3-2: Foul Ball, location: 2F
3-2: Strikes out swinging
Batting: RHB Cory Mihalic 0-0: Ball
1-0: Foul Ball, location: 2F
1-1: Ball
2-1: Foul Ball, location: 2F
2-2: SINGLE (Groundball, 56D, EV 94.4 MPH)
Batting: RHB Richard Bass 0-0: Ball
1-0: Ball
2-0: Foul Ball, location: 2F
2-1: DOUBLE (Groundball, 5L, EV 101.3 MPH)
Cory Mihalic to third
Runner from 3rd tries for Home, SAFE, throw by LF to home
Batting: RHB Ron Kittle 0-0: Ball
1-0: Called Strike
1-1: Ball
2-1: SINGLE (Line Drive, 78M, EV 93.1 MPH)
Richard Bass to third
Runner from 3rd tries for Home, SAFE, throw by CF to home
Ron Kittle to second
Batting: LHB Luis Alfaro 0-0: Called Strike
0-1: Swinging Strike
0-2: Ground out 4-3 (Groundball, 4, EV 81.9 MPH)
Ron Kittle to third
Batting: RHB Mike Allen 0-0: Called Strike
0-1: Ball
1-1: Ground out 4-3 (Groundball, 4S, EV 88.8 MPH)
Bottom of the 1st over - 2 runs, 3 hits, 0 errors, 1 left on base; Wichita 0 - Evansville 2
TOP OF THE 2ND
Wichita Aeros batting - Pitching for Evansville Triplets : RHP Freddy Medina
Batting: LHB Jim F Weaver 0-0: Ball
1-0: Called Strike
1-1: Foul Ball, location: 2F
1-2: Ball
2-2: Foul Ball, location: 2F
2-2: Ball
3-2: Foul Ball, location: 2F
3-2: DOUBLE (Groundball, 3L, EV 93.8 MPH)
Batting: LHB James Pellack 0-0: Ball
1-0: Ball
2-0: Called Strike
2-1: Ball
3-1: Base on Balls
Batting: RHB Dave Stenhouse 0-0: Ball
1-0: Fly out, F7 (Flyball, 7, EV 82.5 MPH)
Runner from 2nd tags up, SAFE at 3rd with throw by LF
Batting: LHB Jesus Ramos 0-0: Called Strike
0-1: Ball
1-1: SINGLE (Line Drive, 89S, EV 96.9 MPH)
Jim F Weaver scores
James Pellack to second
Runner from 2nd tries for 3rd, SAFE, no throw by RF
Batting: LHB Omar Guerrero 0-0: Fielders Choice at 2nd, 4-6 (Groundball, 4, EV 102.5 MPH)
James Pellack scores
Batting: RHB Greg Cypret 0-0: Ball
1-0: Ball
2-0: SINGLE (Flyball, 9LS, EV 99.4 MPH)
Omar Guerrero to second
Runner from 2nd tries for 3rd, SAFE, no throw by RF
Batting: LHB Michael Barnes 0-0: Ball
1-0: Foul Ball, location: 2F
1-1: Swinging Strike
1-2: Foul Ball, location: 2F
1-2: Ball
2-2: Ground out 5-3 (Groundball, 56S, EV 81.9 MPH)
Top of the 2nd over - 2 runs, 3 hits, 0 errors, 2 left on base; Wichita 2 - Evansville 2
BOTTOM OF THE 2ND
Evansville Triplets batting - Pitching for Wichita Aeros : RHP Brent Gaff
Batting: RHB Ed Putman 0-0: Ball
1-0: Fly out, F8 (Flyball, 8LD, EV 101.9 MPH)
Batting: RHB Jaden Smith 0-0: Swinging Strike
0-1: Foul Ball, location: 2F
0-2: Fly out, F8 (Flyball, 8LXD, EV 103.8 MPH)
Batting: RHB Ed Jurak 0-0: Ball
1-0: Ball
2-0: Ball
3-0: Swinging Strike
3-1: Called Strike
3-2: Strikes out swinging
Bottom of the 2nd over - 0 runs, 0 hits, 0 errors, 0 left on base; Wichita 2 - Evansville 2
TOP OF THE 3RD
Wichita Aeros batting - Pitching for Evansville Triplets : RHP Freddy Medina
Batting: LHB Glenn Gulliver 0-0: Ball
1-0: Ball
2-0: Foul Ball, location: 2F
2-1: Foul Ball, location: 2F
2-2: Foul Ball, location: 2F
2-2: Ball
3-2: Ground out U3 (Groundball, 13, EV 85.0 MPH)
Batting: SHB Gary Pettis 0-0: Swinging Strike
0-1: Called Strike
0-2: Foul Ball, location: 2F
0-2: Foul Ball, location: 2F
0-2: Ball
1-2: Ball
2-2: Strikes out swinging
Batting: LHB Jim F Weaver 0-0: Swinging Strike
0-1: Ball
1-1: Ball
2-1: Ball
3-1: Called Strike
3-2: Foul Ball, location: 2F
3-2: Ground out 5-3 (Groundball, 56S, EV 91.3 MPH)
Top of the 3rd over - 0 runs, 0 hits, 0 errors, 0 left on base; Wichita 2 - Evansville 2
BOTTOM OF THE 3RD
Evansville Triplets batting - Pitching for Wichita Aeros : RHP Brent Gaff
Batting: LHB Greg Gross 0-0: Ball
1-0: Ball
2-0: Ground out U3 (Groundball, 3, EV 80.0 MPH)
Batting: RHB Cory Mihalic 0-0: Ball
1-0: Foul Ball, location: 2F
1-1: Ball
2-1: Ball
3-1: Base on Balls
Batting: RHB Richard Bass 0-0: Ball
1-0: Swinging Strike
1-1: Swinging Strike
1-2: 2-RUN HOME RUN (Flyball, 7D, EV 94.4 MPH), Distance : 376 ft
Batting: RHB Ron Kittle 0-0: Ball
1-0: Ball
2-0: Foul Ball, location: 2F
2-1: Fly out, F8 (Line Drive, 8LM, EV 89.4 MPH)
Batting: LHB Luis Alfaro 0-0: Called Strike
0-1: Ball
1-1: Called Strike
1-2: Foul Ball, location: 2F
1-2: SINGLE (Groundball, 34D, EV 100.6 MPH)
Batting: RHB Mike Allen 0-0: Fielders Choice at 2nd, 6-4 (Groundball, 6, EV 83.8 MPH)
Bottom of the 3rd over - 2 runs, 2 hits, 0 errors, 1 left on base; Wichita 2 - Evansville 4
TOP OF THE 4TH
Wichita Aeros batting - Pitching for Evansville Triplets : RHP Freddy Medina
Batting: LHB James Pellack 0-0: Ball
1-0: Swinging Strike
1-1: Foul Ball, location: 2F
1-2: Ball
2-2: Ball
3-2: SINGLE (Groundball, 6D, EV 93.8 MPH)
Batting: RHB Dave Stenhouse 0-0: Called Strike
0-1: Ball
1-1: Foul Ball, location: 2F
1-2: Ball
2-2: Grounds into double play, 2-6-3 (Groundball, 2R, EV 70.6 MPH)
Batting: LHB Jesus Ramos 0-0: Ball
1-0: Ground out U3 (Groundball, 3, EV 106.3 MPH)
Top of the 4th over - 0 runs, 1 hit, 0 errors, 0 left on base; Wichita 2 - Evansville 4
BOTTOM OF THE 4TH
Evansville Triplets batting - Pitching for Wichita Aeros : RHP Brent Gaff
Batting: RHB Ed Putman 0-0: Ball
1-0: Called Strike
1-1: Ball
2-1: Ball
3-1: Swinging Strike
3-2: Ground out 2-3 (Groundball, 2R, EV 66.3 MPH)
Batting: RHB Jaden Smith 0-0: Fly out, F9 (Flyball, 9D, EV 99.4 MPH)
Batting: RHB Ed Jurak 0-0: Ball
1-0: Fly out, F3 (Line Drive, 3, EV 65.0 MPH)
Bottom of the 4th over - 0 runs, 0 hits, 0 errors, 0 left on base; Wichita 2 - Evansville 4
TOP OF THE 5TH
Wichita Aeros batting - Pitching for Evansville Triplets : RHP Freddy Medina
Batting: LHB Omar Guerrero 0-0: Ball
1-0: Ball
2-0: Ball
3-0: Called Strike
3-1: Ground out 4-3 (Groundball, 4S, EV 86.3 MPH)
Batting: RHB Greg Cypret 0-0: Ball
1-0: Ball
2-0: Called Strike
2-1: Foul Ball, location: 2F
2-2: Foul Ball, location: 2F
2-2: SOLO HOME RUN (Flyball, 7D, EV 98.8 MPH), Distance : 367 ft
Batting: LHB Michael Barnes 0-0: Called Strike
0-1: Ball
1-1: Swinging Strike
1-2: Foul Ball, location: 2F
1-2: Ball
2-2: Foul Ball, location: 2F
2-2: Ball
3-2: Foul Ball, location: 2F
3-2: Foul Ball, location: 2F
3-2: Base on Balls
Pitching: RHP Victor Bernal
Batting: LHB Glenn Gulliver 0-0: Ball
1-0: Ball
2-0: Called Strike
2-1: Ball
3-1: Swinging Strike
3-2: Base on Balls
Michael Barnes to second
Batting: SHB Gary Pettis 0-0: Called Strike
0-1: Ball
1-1: Swinging Strike
1-2: DOUBLE (Line Drive, 7LS, EV 108.1 MPH)
Michael Barnes scores
Glenn Gulliver to third
Runner from 3rd tries for Home, SAFE, throw by LF to trailing runner, OUT at third! 7-6-5
Batting: LHB Jim F Weaver 0-0: Ground out 5-3 (Groundball, 56S, EV 88.8 MPH)
Top of the 5th over - 3 runs, 2 hits, 0 errors, 0 left on base; Wichita 5 - Evansville 4
BOTTOM OF THE 5TH
Evansville Triplets batting - Pitching for Wichita Aeros : RHP Brent Gaff
Batting: LHB Greg Gross 0-0: Called Strike
0-1: Fly out, F8 (Line Drive, 8RM, EV 92.5 MPH)
Batting: RHB Cory Mihalic 0-0: Ball
1-0: Called Strike
1-1: Ball
2-1: Ball
3-1: Called Strike
3-2: Foul Ball, location: 2F
3-2: SOLO HOME RUN (Flyball, 7D, EV 103.1 MPH), Distance : 384 ft
Batting: RHB Richard Bass 0-0: Fly out, F6 (Popup, 15, EV 72.5 MPH)
Batting: RHB Ron Kittle 0-0: Called Strike
0-1: DOUBLE (Line Drive, 89D, EV 101.9 MPH)
Batting: LHB Luis Alfaro 0-0: Intentional Walk
Pitching: RHP Steve Crawford
Batting: RHB Mike Allen 0-0: Fly out, F7 (Flyball, 78M, EV 91.9 MPH)
Bottom of the 5th over - 1 run, 2 hits, 0 errors, 2 left on base; Wichita 5 - Evansville 5
TOP OF THE 6TH
Wichita Aeros batting - Pitching for Evansville Triplets : RHP Victor Bernal
Batting: LHB James Pellack 0-0: Ball
1-0: Fly out, F6 (Popup, 6S, EV 81.3 MPH)
Batting: RHB Dave Stenhouse 0-0: Ground out 3-1 (Groundball, 34S, EV 90.0 MPH)
Batting: LHB Jesus Ramos 0-0: Ground out 5-3 (Groundball, 56, EV 86.3 MPH)
Top of the 6th over - 0 runs, 0 hits, 0 errors, 0 left on base; Wichita 5 - Evansville 5
BOTTOM OF THE 6TH
Evansville Triplets batting - Pitching for Wichita Aeros : RHP Steve Crawford
Batting: RHB Ed Putman 0-0: Called Strike
0-1: Ball
1-1: Ground out 6-3 (Groundball, 6MS, EV 91.3 MPH)
Batting: RHB Jaden Smith 0-0: Foul Ball, location: 2F
0-1: Foul Ball, location: 2F
0-2: Ball
1-2: Foul Ball, location: 2F
1-2: Ball
2-2: SINGLE (Groundball, 6MD, EV 102.5 MPH)
Batting: RHB Ed Jurak 0-0: Called Strike
0-1: Ball
1-1: Foul Ball, location: 2F
1-2: Strikes out swinging
Batting: LHB Greg Gross 0-0: Swinging Strike
0-1: Foul Ball, location: 2F
0-2: Ball
1-2: Ball
2-2: Fly out, F3 (Line Drive, 4, EV 68.1 MPH)
Bottom of the 6th over - 0 runs, 1 hit, 0 errors, 1 left on base; Wichita 5 - Evansville 5
TOP OF THE 7TH
Wichita Aeros batting - Pitching for Evansville Triplets : RHP Victor Bernal
Batting: LHB Omar Guerrero 0-0: Foul Ball, location: 2F
0-1: Foul Ball, location: 2F
0-2: Foul Ball, location: 2F
0-2: Fly out, F5 (Popup, 5S, EV 86.3 MPH)
Batting: RHB Greg Cypret 0-0: Ball
1-0: Ball
2-0: Swinging Strike
2-1: Fly out, F9 (Flyball, 89M, EV 86.3 MPH)
Batting: LHB Michael Barnes 0-0: Swinging Strike
0-1: Foul Ball, location: 2F
0-2: Ball
1-2: Strikes out swinging
Top of the 7th over - 0 runs, 0 hits, 0 errors, 0 left on base; Wichita 5 - Evansville 5
BOTTOM OF THE 7TH
Evansville Triplets batting - Pitching for Wichita Aeros : RHP Steve Crawford
Batting: RHB Cory Mihalic 0-0: Ball
1-0: Swinging Strike
1-1: Ball
2-1: SINGLE (Line Drive, 4D, EV 110.6 MPH)
Batting: RHB Richard Bass 0-0: Called Strike
0-1: Ball
1-1: Ball
2-1: Foul Ball, location: 2F
2-2: Strikes out swinging
Batting: RHB Ron Kittle 0-0: Ball
1-0: Foul Ball, location: 2F
1-1: Foul Ball, location: 2F
1-2: Ball
2-2: Foul Ball, location: 2F
2-2: Fly out, F9 (Flyball, 9, EV 91.3 MPH)
Batting: LHB Luis Alfaro 0-0: Foul Ball, location: 2F
0-1: Ball
1-1: Ball
Cory Mihalic steals 2nd base
2-1: Intentional Walk
Batting: RHB Mike Allen 0-0: Ground out 3-1 (Groundball, 34S, EV 86.3 MPH)
Bottom of the 7th over - 0 runs, 1 hit, 0 errors, 2 left on base; Wichita 5 - Evansville 5
TOP OF THE 8TH
Wichita Aeros batting - Pitching for Evansville Triplets : RHP Victor Bernal
Pitching: LHP Randy Niemann
Batting: LHB Glenn Gulliver 0-0: Foul Ball, location: 2F
0-1: Ball
1-1: Ball
2-1: Foul Ball, location: 2F
2-2: Ball
3-2: Foul Ball, location: 2F
3-2: Fly out, F8 (Flyball, 89D, EV 96.3 MPH)
Batting: SHB Gary Pettis 0-0: Ball
1-0: Ball
2-0: Called Strike
2-1: Ball
3-1: Foul Ball, location: 2F
3-2: Fly out, F8 (Line Drive, 8LD, EV 98.8 MPH)
Batting: LHB Jim F Weaver 0-0: Ball
1-0: Foul Ball, location: 2F
1-1: Ground out 4-3 (Groundball, 34, EV 109.4 MPH)
Top of the 8th over - 0 runs, 0 hits, 0 errors, 0 left on base; Wichita 5 - Evansville 5
BOTTOM OF THE 8TH
Evansville Triplets batting - Pitching for Wichita Aeros : RHP Steve Crawford
Batting: RHB Ed Putman 0-0: Ball
1-0: Foul Ball, location: 2F
1-1: Foul Ball, location: 2F
1-2: Ball
2-2: Fly out, F9 (Line Drive, 9, EV 105.6 MPH)
Batting: RHB Jaden Smith 0-0: Foul Ball, location: 2F
0-1: Ground out 6-3 (Groundball, 6M, EV 101.9 MPH)
Batting: RHB Ed Jurak 0-0: Ball
1-0: Ball
2-0: Reached on error, E5 (Groundball, 56, EV 82.5 MPH)
Batting: LHB Greg Gross 0-0: Called Strike
0-1: Called Strike
0-2: Ball
1-2: Foul Ball, location: 2F
1-2: Fly out, F9 (Line Drive, 9, EV 93.8 MPH)
Bottom of the 8th over - 0 runs, 0 hits, 1 error, 1 left on base; Wichita 5 - Evansville 5
TOP OF THE 9TH
Wichita Aeros batting - Pitching for Evansville Triplets : LHP Randy Niemann
Pinch Hitting: RHB Dave Hoenstine 0-0: Called Strike
0-1: Ball
1-1: DOUBLE (Line Drive, 7LS, EV 94.4 MPH)
Batting: RHB Dave Stenhouse 0-0: Intentional Walk
Pitching: RHP Gordie Pladson
Batting: LHB Jesus Ramos 0-0: Bunt missed!
0-1: Bunted foul
0-2: Ball
1-2: Foul Ball, location: 2F
1-2: Reached via error on a dropped throw from 1B, E1 (Groundball, 34S, EV 88.8 MPH)
Dave Hoenstine to third
Dave Stenhouse to second
Batting: LHB Omar Guerrero 0-0: Ball
1-0: Ball
2-0: Foul Ball, location: 2F
2-1: Swinging Strike
2-2: Strikes out looking
Batting: RHB Greg Cypret 0-0: Ball
1-0: Ball
2-0: Ball
3-0: Base on Balls
Dave Hoenstine scores
Dave Stenhouse to third
Jesus Ramos to second
Batting: LHB Michael Barnes 0-0: Ball
1-0: Ball
2-0: Called Strike
2-1: Foul Ball, location: 2F
2-2: Foul Ball, location: 2F
2-2: Grounds into fielders choice 5-2 (Groundball, 5L, EV 89.4 MPH)
Jesus Ramos to third
Greg Cypret to second
Batting: LHB Glenn Gulliver 0-0: Foul Ball, location: 2F
0-1: Ball
1-1: Ball
2-1: Ball
3-1: Ground out 5-3 (Groundball, 56S, EV 83.8 MPH)
Top of the 9th over - 1 run, 1 hit, 1 error, 3 left on base; Wichita 6 - Evansville 5
BOTTOM OF THE 9TH
Evansville Triplets batting - Pitching for Wichita Aeros : RHP Steve Crawford
Pitching: RHP Joey McLaughlin
Now at 2B: Victor Mabee
Now in CF: Robert Markham
Batting: SHB Mickey Tettleton 0-0: Ball
1-0: Ball
2-0: Ball
3-0: Base on Balls
Batting: RHB Richard Bass 0-0: Called Strike
0-1: Swinging Strike
0-2: Ball
1-2: Strikes out swinging
Batting: RHB Ron Kittle 0-0: Called Strike
0-1: Ball
1-1: Called Strike
1-2: Ball
2-2: SINGLE (Groundball, 6D, EV 99.4 MPH)
Mickey Tettleton to second
Runner from 2nd tries for 3rd, SAFE, throw by CF made to third
Batting: LHB Luis Alfaro 0-0: Ball
1-0: Called Strike
1-1: Ground out U3 (Groundball, 13, EV 82.5 MPH)
Ron Kittle to second
Pinch Hitting: RHB Mark M Corey 0-0: Foul Ball, location: 2F
0-1: Ball
1-1: Ball
2-1: Foul Ball, location: 2F
2-2: Strikes out looking
Bottom of the 9th over - 0 runs, 1 hit, 0 errors, 2 left on base; Wichita 6 - Evansville 5
Thursday, August 13th, 2020 - OOTP Baseball 21.5 Build 76